Cogmind - Beta 14 @@@ ROGUE MODE // 2025.03.21 @ 15:14:18 Player: Lava Result: Destroyed by Y-45 Defender with Beam Rifle Performance ------------- Evolutions (2) 1000 Regions Visited (5) 1000 Robots Destroyed (56) 280 Value Destroyed (1699) 1699 Prototype IDs (6) 120 Alien Tech Used (0) 0 Bonus (44) 44 TOTAL SCORE: 4143 Bonus ------- High Alert Combat Kills 11 Follower Combat Kills 33 Cogmind --------- Core Integrity 0/550 Matter 266/300 Energy 100/100 System Corruption 2% Temperature Cool (9) Movement Treading (170) Location -8/Storage Parts ------- > --- POWER (1) -------- (None) > --- PROPULSION (2) --- Armored Treads Armored Treads > --- UTILITY (6) ------ Targeting Computer Advanced Targeting Computer Hacking Suite Hacking Suite > --- WEAPON (2) ------- Assault Rifle Maul > --- INVENTORY (5) ---- Improved Ion Engine Light Nuclear Core Cooled Plasma Cannon Compact Ion Cannon Mini Grenade Launcher Peak State ------------ > --- POWER ------------ Ion Engine > --- PROPULSION ------- Light Treads Advanced Treads > --- UTILITY ---------- Large Storage Unit Signal Interpreter Improved Terrain Scanner Advanced Targeting Computer Hacking Suite Hacking Suite > --- WEAPON ----------- Beamcaster Heavy Battle Rifle > --- INVENTORY -------- Light Ion Engine Light Treads Improved VTOL Module Improved VTOL Module Improved VTOL Module Improved VTOL Module Signal Interpreter Advanced Targeting Computer Mini Grenade Launcher Mini Grenade Launcher Maul Mining Claw [Rating: 30] Favorites ----------- Power Ion Engine Engine Ion Engine Propulsion Light Treads Treads Light Treads Leg Aluminum Leg Flight Unit Improved VTOL Module Utility Signal Interpreter Device Sensor Array Storage Large Storage Unit Processor Signal Interpreter Hackware Hacking Suite Weapon Assault Rifle Energy Gun Medium Laser Energy Cannon Cooled Plasma Cannon Ballistic Gun Assault Rifle Ballistic Cannon Light Cannon Launcher Grenade Launcher Impact Weapon Maul Build | -11 -10 -10 -9 -8 -8 ------- Run | Yrd Mat Min Mat Mat Sto Slots Evolved 4 | . . . 2 2 . Power . | . . . . . . Propulsion . | . . . . . . Utility 4 | . . . 2 2 . Weapon . | . . . . . . Parts Attached 66 | 7 10 10 5 7 27 Power 11 | 1 2 2 2 . 4 Engine 11 | 1 2 2 2 . 4 Core . | . . . . . . Reactor . | . . . . . . Propulsion 21 | 2 3 3 1 2 10 Treads 12 | 2 3 . . 2 5 Leg 4 | . . 3 1 . . Wheel . | . . . . . . Hover . | . . . . . . Flight 5 | . . . . . 5 Utility 13 | 1 2 . 2 5 3 Device 3 | . . . 1 2 . Storage 3 | 1 1 . . 1 . Processor 5 | . 1 . . 1 3 Hackware 2 | . . . 1 1 . Protection . | . . . . . . Artifact . | . . . . . . Weapon 21 | 3 3 5 . . 10 Energy Gun 2 | 1 . . . . 1 Energy Cannon 1 | . . . . . 1 Ballistic Gun 11 | 2 3 2 . . 4 Ballistic Cannon 1 | . . 1 . . . Launcher 5 | . . 2 . . 3 Special Weapon . | . . . . . . Impact Weapon 1 | . . . . . 1 Slashing Weapon . | . . . . . . Piercing Weapon . | . . . . . . Special Melee Weapon . | . . . . . . Unidentified Prototypes 3 | . . . . . 3 Parts Lost 30 | . 1 8 1 1 19 Power 8 | . 1 2 1 . 4 Propulsion 7 | . . 3 . . 4 Utility 5 | . . . . 1 4 Weapon 10 | . . 3 . . 7 Highest Loss Streak 17 | . 1 3 1 1 17 To Critical Strikes . | . . . . . . Average Slot Usage (%) 92 | . 94 93 98 94 84 Engine 12 | . 13 13 9 9 8 Treads 14 | . 27 8 . 8 10 Leg 7 | . . 13 22 9 . Flight 1 | . . . . . 7 Device 2 | . . . 11 5 4 Storage 11 | . 14 14 11 9 4 Processor 12 | . 9 14 11 17 14 Hackware 5 | . . . 10 18 18 Ballistic Gun 19 | . 27 20 11 9 6 Ballistic Cannon 4 | . . 5 11 9 4 Peak Build Rating 30 | 6 8 11 13 22 30 Average Rating 11 | 4 7 8 12 19 23 On Entrance 9 | . 6 8 8 13 22 Naked Turns . | . . . . . . Heaviest Build 32 | 12 29 29 30 30 32 Greatest Support 40 | 40 40 40 20 40 40 Greatest Overweight (x) 2 | . . 2 1 1 1 Average Overweight (x) . | . . . 1 . . Largest Inventory Capacity 15 | 8 15 15 15 15 15 Average Capacity 12 | 7 9 15 15 15 10 Most Carried 15 | 6 12 14 15 15 15 Average Carried 10 | 4 8 12 13 14 9 Final Capacity 15 | 8 15 15 15 15 5 Final Carried 15 | 6 12 12 15 15 5 Class Distribution -------------------- 65% | Mutant 26% | Scavenger-Mutant 3% | Hacker-Sprinter 3% | Hacker-Mutant Dominant Class ---------------- Mutant | -10/Materials Mutant | -10/Mines Scavenger-Mutant | -9/Materials Scavenger-Mutant | -8/Materials Scavenger-Mutant | -8/Storage Resources | -11 -10 -10 -9 -8 -8 ----------- Run | Yrd Mat Min Mat Mat Sto Matter Collected 1630 | 224 377 412 85 90 442 Remotely . | . . . . . . Salvage Created 1781 | . 549 264 172 130 666 Parts 112 | . 42 16 10 7 37 Haulers Intercepted 1 | . . . . . 1 Recyclers Shooed . | . . . . . . Parts Field Recycled . | . . . . . . Retrieved Matter . | . . . . . . Parts Self-Destructed . | . . . . . . Prevented . | . . . . . . Kills | -11 -10 -10 -9 -8 -8 ------- Run | Yrd Mat Min Mat Mat Sto Combat Hostiles Destroyed 59 | . 13 22 2 3 19 Melee 3 | . . . . . 3 Guns 29 | . 13 8 . . 8 Cannons 9 | . . 2 2 3 2 AOE 17 | . . 12 . . 5 Classes Destroyed 14 | . 5 2 1 . 6 Worker 2 | . 1 . . . 1 Hauler 1 | . . . . . 1 Recycler 2 | . . 1 1 . . Mechanic 1 | . . . . . 1 Operator 2 | . 2 . . . . Watcher 4 | . 3 . 1 . . Swarmer 10 | . 3 5 . . 2 Grunt 24 | . 10 2 1 . 11 Brawler 1 | . . . . . 1 Duelist 2 | . . . . . 2 Protector 1 | . . . . . 1 Sentry 5 | . . . 1 3 1 Hunter 1 | . . . . . 1 Assembled 15 | . . 15 . . . Best Kill Streak 13 | . 6 13 1 2 8 Combat Bots Only 12 | . 6 12 1 2 6 Max Kills in Single Turn 3 | . 2 3 1 1 2 Gunslinging . | . . . . . . Exploded 2 | . . 2 . . 1 Melee 1 | . . . . . 1 Uniques/NPCs Destroyed . | . . . . . . Combat | -11 -10 -10 -9 -8 -8 -------- Run | Yrd Mat Min Mat Mat Sto Hostile Shots Fired 322 | . 47 77 9 10 179 Missed 89 | . 12 25 . 3 49 Damage Taken 3607 | . 460 740 113 102 2192 Core 702 | . 50 66 25 15 546 Absorbed by Shields . | . . . . . . Regen/Repaired (Parts) 44 | . . . . . 44 Core Remaining (%) 82 | 100 . 53 93 . . Volleys Fired 164 | . 54 35 9 7 59 Largest 2 | . 2 2 2 2 2 Hottest 108 | . 40 55 55 55 108 Shots Fired 290 | . 108 66 18 14 84 Gun 220 | . 108 44 9 7 52 Cannon 44 | . . 8 9 7 20 Launcher 26 | . . 14 . . 12 Special . | . . . . . . Kinetic 244 | . 108 52 18 14 52 Thermal 20 | . . . . . 20 Explosive 25 | . . 14 . . 11 Electromagnetic 1 | . . . . . 1 Robot Hit Streak 28 | . 11 10 7 18 28 Robot Miss Streak 6 | . 6 4 4 . 4 Penetration Max . | . . . . . . Secondary Targets 7 | . 3 2 . . 2 Max Gunslinging Chain 1 | . 1 1 . . 1 Shots Hit Robots 198 | . 67 37 12 14 68 Core Hits 131 | . 29 41 7 7 47 Critical Kills . | . . . . . . Critical Parts Destroyed 3 | . 1 . . 1 1 Critical Strikes 6 | . 1 . . 1 4 Burn 3 | . . . . . 3 Destroy 2 | . 1 . . 1 . Smash 1 | . . . . . 1 Melee Attacks 12 | . . . . . 12 Impact 12 | . . . . . 12 Slashing . | . . . . . . Piercing . | . . . . . . Sneak Attacks . | . . . . . . Combat Hostiles . | . . . . . . Follow-up Attacks . | . . . . . . Damage Inflicted 4598 | . 890 1036 172 190 2310 Guns 1971 | . 873 263 45 62 728 Cannons 685 | . . 85 127 124 349 Explosions 1644 | . . 680 . . 964 Melee 265 | . . . . . 265 Ramming 33 | . 17 8 . 4 4 Kinetic 2197 | . 873 348 172 186 618 Thermal 459 | . . . . . 459 Explosive 1538 | . . 680 . . 858 Electromagnetic 106 | . . . . . 106 Impact 265 | . . . . . 265 Slashing . | . . . . . . Piercing . | . . . . . . Highest Corruption 2 | . . 1 . . 2 Average Corruption 1 | . . 1 . . 2 Corruption Purged . | . . . . . . Corruption Blocked . | . . . . . . Effects 10 | . . 4 . . 6 Message Errors 1 | . . 1 . . . Matter Fused 1 | . . 1 . . . Heat Flow Errors 3 | . . . . . 3 Energy Discharges 1 | . . . . . 1 Parts Rejected 1 | . . . . . 1 Data Loss (minor) 1 | . . 1 . . . Data Loss (major) 1 | . . . . . 1 Alerts 1 | . . 1 . . . Overload Shots 5 | . . . . . 5 Overflow Damage 106 | . . 28 . . 78 Projectiles 14 | . . . . . 14 Explosions 30 | . . 28 . . 2 Melee 62 | . . . . . 62 Knockbacks 6 | . . . 2 . 4 Impact 2 | . . . . . 2 Kinetic 4 | . . . 2 . 2 Secondary . | . . . . . . Self-Inflicted Damage 184 | . . 99 . . 85 Shots 7 | . . 4 . . 3 Rammed 4 | . 2 . . 1 1 Targets Rammed 5 | . 2 1 . 1 1 Kicked 1 | . . 1 . . . Crushed . | . . . . . . Highest Temperature 532 | . 2 34 28 11 532 Average Temperature 129 | . 1 12 12 2 196 Received Heat Transfer 1405 | . 210 139 48 36 972 Effects 9 | . . . . . 9 Shutdowns 1 | . . . . . 1 Energy Bleed 1 | . . . . . 1 Interference 3 | . . . . . 3 Damage (minor) 3 | . . . . . 3 Damage (major) 1 | . . . . . 1 Siege Activations . | . . . . . . Robots Corrupted 1 | . . . . . 1 Combat Hostiles 1 | . . . . . 1 Parts Fried . | . . . . . . Impact Corruptions 3 | . . . . . 3 Robots Melted . | . . . . . . Combat Hostiles . | . . . . . . Parts Melted 3 | . . . . . 3 Heat Transferred 919 | . . . . . 919 Parts Sabotaged . | . . . . . . Parts Stolen . | . . . . . . Parts Stripped . | . . . . . . Power Chain Reactions . | . . . . . . Alert | -11 -10 -10 -9 -8 -8 ------- Run | Yrd Mat Min Mat Mat Sto Peak Influence 406 | . 324 104 67 110 406 Initial 46 | . . . . . 46 Average 71 | . 103 39 41 45 111 Maximum Alert Level 2 | . 1 . . . 2 Low Security (%) 89 | 100 74 100 100 100 83 Level 1 10 | . 25 . . . 16 Level 2 . | . . . . . . Level 3 . | . . . . . . Level 4 . | . . . . . . Level 5 . | . . . . . . High Security . | . . . . . . Max Security . | . . . . . . Squads Dispatched 7 | . 2 . . . 5 Investigation . | . . . . . . Extermination . | . . . . . . Reinforcement 5 | . 2 . . . 3 Assault 2 | . . . . . 2 Garrison . | . . . . . . Intercept . | . . . . . . Searches Triggered . | . . . . . . Construction Impeded 2 | . . . . . 2 Haulers Reinforced . | . . . . . . Active Scanning Responses . | . . . . . . Cargo Convoy Interrupts . | . . . . . . Stealth | -11 -10 -10 -9 -8 -8 --------- Run | Yrd Mat Min Mat Mat Sto Distress Signals 9 | . 4 1 . . 4 Communications Jammed . | . . . . . . Distress Signals . | . . . . . . Times Spotted 103 | . 28 29 3 3 40 Peak Tracking Total 11 | . 6 10 1 2 11 Tactical Retreats 11 | . 2 2 . . 7 Traps | -11 -10 -10 -9 -8 -8 ------- Run | Yrd Mat Min Mat Mat Sto Traps Triggered 3 | . 3 . . . . Indirectly . | . . . . . . Trap Hack Attempts . | . . . . . . Triggered . | . . . . . . Disarmed . | . . . . . . Reprogrammed . | . . . . . . Reused . | . . . . . . Traps Extracted . | . . . . . . Installed . | . . . . . . Triggered . | . . . . . . Machines | -11 -10 -10 -9 -8 -8 ---------- Run | Yrd Mat Min Mat Mat Sto Machines Disabled 2 | . . . . . 2 Max in Single Turn 1 | . . . . . 1 Garrison Access 1 | . . . . . 1 Machines Repaired . | . . . . . . Machines Dismantled . | . . . . . . Machines Sabotaged . | . . . . . . Overloaded Fab Kills . | . . . . . . Hacking | -11 -10 -10 -9 -8 -8 --------- Run | Yrd Mat Min Mat Mat Sto Machines Accessed 15 | . 6 1 . . 8 Terminals 13 | . 6 1 . . 6 Fabricators . | . . . . . . Repair Stations 1 | . . . . . 1 Recycling Units . | . . . . . . Scanalyzers . | . . . . . . Garrison Access 1 | . . . . . 1 Total Hacks 40 | . 15 2 . . 23 Successful 21 | . 7 1 . . 13 Failed 19 | . 8 1 . . 10 Catastrophic 4 | . 2 1 . . 1 Database Lockouts . | . . . . . . Manual 10 | . 6 1 . . 3 Terminals 36 | . 15 2 . . 19 Fabricators . | . . . . . . Repair Stations 3 | . . . . . 3 Recycling Units . | . . . . . . Scanalyzers . | . . . . . . Garrison Access 1 | . . . . . 1 Terminal Hacks 18 | . 7 1 . . 10 Prototype ID Bank 2 | . 1 . . . 1 Open Door 3 | . . . . . 3 Garrison Index 1 | . . . . . 1 Alert Level 1 | . 1 . . . . Unreport Threat 3 | . 1 . . . 2 Locate Traps 1 | . 1 . . . . Dispatch Records 1 | . . . . . 1 Extermination Status 1 | . . . . . 1 Hauler Manifests 2 | . 2 . . . . Registered Components 1 | . 1 . . . . Zone Layout 2 | . . 1 . . 1 Fabricator Hacks . | . . . . . . Repair Station Hacks 2 | . . . . . 2 Scan Component 1 | . . . . . 1 Repair 1 | . . . . . 1 Recycling Unit Hacks . | . . . . . . Scanalyzer . | . . . . . . Garrison Access Hacks 1 | . . . . . 1 Seal Access 1 | . . . . . 1 Unauthorized Hacks . | . . . . . . Terminals . | . . . . . . Fabricators . | . . . . . . Repair Stations . | . . . . . . Recycling Units . | . . . . . . Scanalyzers . | . . . . . . Garrison Access . | . . . . . . Data Cores Recovered . | . . . . . . Used . | . . . . . . Hacking Detections 12 | . 6 1 . . 5 Full Trace Events . | . . . . . . Feedback Events . | . . . . . . Feedback Blocked . | . . . . . . Robot Schematics Acquired . | . . . . . . Robots Built . | . . . . . . Authchips . | . . . . . . Time . | . . . . . . Total Robot Build Rating . | . . . . . . Part Schematics Acquired . | . . . . . . Parts Built . | . . . . . . Authchips . | . . . . . . Time . | . . . . . . Total Part Build Rating . | . . . . . . Parts Repaired 1 | . . . . . 1 Time 19 | . . . . . 19 Parts Recycled . | . . . . . . Recycled Matter . | . . . . . . Retrieved Matter . | . . . . . . Retrieved Components . | . . . . . . Parts Scanalyzed . | . . . . . . Part Schematics Acquired . | . . . . . . Parts Damaged . | . . . . . . Bothacking | -11 -10 -10 -9 -8 -8 ------------ Run | Yrd Mat Min Mat Mat Sto Used RIF Installer . | . . . . . . Robots Hacked . | . . . . . . Non-combat . | . . . . . . Combat . | . . . . . . Robot Hacks Applied . | . . . . . . Relay Couplers Released . | . . . . . . Fabnet Peak Effective % . | . . . . . . Robots Rewired . | . . . . . . Allies Hacked . | . . . . . . Hacks Repelled . | . . . . . . Allies | -11 -10 -10 -9 -8 -8 -------- Run | Yrd Mat Min Mat Mat Sto Total Allies 3 | . . 1 . . 2 Largest Group 2 | . . 1 . . 2 Highest-Rated Group 62 | . . 31 . . 62 Highest-Rated Ally 31 | . . 31 . . 31 Total Orders . | . . . . . . Ally Attacks 9 | . . . . . 9 Total Damage 167 | . . . . . 167 Kills 1 | . . . . . 1 Allies Corrupted . | . . . . . . Allies Melted . | . . . . . . Intel | -11 -10 -10 -9 -8 -8 ------- Run | Yrd Mat Min Mat Mat Sto Robot Analysis Total . | . . . . . . Derelict Logs Recovered 1 | . . 1 . . . Drone Launches . | . . . . . . Drone Recoveries . | . . . . . . Exploration | -11 -10 -10 -9 -8 -8 ------------- Run | Yrd Mat Min Mat Mat Sto Turns Passed 4247 | 78 1391 1438 421 263 656 Spaces Moved 2290 | 46 722 661 197 118 546 Core 12 | 12 . . . . . Treads 1213 | 34 722 259 . 62 136 Legs 655 | . . 402 197 56 . Wheels . | . . . . . . Hover . | . . . . . . Flight 410 | . . . . . 410 Fastest Speed 32 | 50 160 160 190 160 32 Average Speed 151 | 131 160 199 190 174 66 Slowest Speed 260 | 160 160 260 190 190 240 Overloaded Moves . | . . . . . . Propulsion Burnouts . | . . . . . . Robots Hopped 6 | . . . . . 6 Cave-ins Triggered . | . . . . . . Exploration Rate (%) 46 | 4 86 97 18 9 67 Regions Visited 5 Branch Regions 2 Pre-discovered Areas 1 | . . 1 . . . Known Exits Taken 4 | . 1 1 1 1 . Unknown Exits Taken 1 | 1 . . . . . Scrap Searched 1 | . . 1 . . . Spaces Dug 4 | . . . . . 4 Terrain Destroyed 130 | . . 87 . . 43 Melee 4 | . . . . . 4 Projectile 5 | . . . . . 5 AOE 121 | . . 87 . . 34 Terrain Rammed . | . . . . . . Walls Destroyed . | . . . . . . Machines Disabled . | . . . . . . Actions | -11 -10 -10 -9 -8 -8 --------- Run | Yrd Mat Min Mat Mat Sto Total 2753 | 63 849 718 229 166 728 Wait 124 | . 41 3 7 20 53 Move 2273 | 45 721 660 196 117 534 Hop 6 | . . . . . 6 Pick Up 68 | 11 13 8 9 8 19 Fast Attach 13 | 1 6 . . 1 5 Attach 36 | 5 1 7 4 2 17 Detach . | . . . . . . Swap 17 | 1 3 3 1 4 5 Drop 35 | . 8 1 3 6 17 Fire 164 | . 54 35 9 7 59 Melee 12 | . . . . . 12 Ram . | . . . . . . Kick 1 | . . 1 . . . Crush 4 | . 2 . . 1 1 Escape Stasis . | . . . . . . Rewire . | . . . . . . Trap . | . . . . . . Miscellaneous . | . . . . . . Route ------- -11/Scrapyard -10/Materials (discovered 5 exits: *Mat x2 / *Min x2 / [*Sub]) -10/Mines (discovered 2 exits: *Mat x2) -9/Materials -8/Materials -8/Storage History --------- Turn | Location | Event 12 | -11/Scrapyard | Discovered new exit (range 16) 79 | -11/Scrapyard | Entered Materials 317 | -10/Materials | Build established: Mutant 427 | -10/Materials | Discovered new exit (range 11) 679 | -10/Materials | Discovered new exit (range 16) 859 | -10/Materials | Discovered new exit (range 12) 968 | -10/Materials | Discovered new exit (range 12) 1204 | -10/Materials | Discovered new exit (range 16) 1468 | -10/Materials | Identified exit to Mines 1470 | -10/Materials | Entered Mines 1547 | -10/Mines | Met a Derelict bent on vengeance 1787 | -10/Mines | A weapon hastily lodged in a ceiling crevice suddenly fell to the ground 1890 | -10/Mines | Discovered new exit (range 4) 1895 | -10/Mines | Identified exit to Materials 2190 | -10/Mines | Assembled infested the area 2290 | -10/Mines | Destroyed 12 combat bots 2292 | -10/Mines | Lost 3 parts (1n2w) 2533 | -10/Mines | Discovered exit to Materials (range 10) 2538 | -10/Mines | Received a Mining Laser from a helpful Derelict 2908 | -10/Mines | Entered Materials 2908 | -9/Materials | Evolved 2 slots: Utility x2 3208 | -9/Materials | Build established: Scavenger-Mutant 3273 | -9/Materials | Discovered new exit (range 14) 3327 | -9/Materials | Identified exit to Materials 3329 | -9/Materials | Entered another Materials area 3329 | -8/Materials | Evolved 2 slots: Utility x2 3432 | -8/Materials | Discovered new exit (range 9) 3492 | -8/Materials | Identified exit to Storage 3592 | -8/Materials | Entered Storage 3639 | -8/Storage | Met a pair of Derelict thieves 3975 | -8/Storage | Core integrity fell below 50% 4017 | -8/Storage | Lost 17 parts (3p4n4u6w) 4030 | -8/Storage | Repaired Lgt. Deuterium Engine 4194 | -8/Storage | Core integrity fell below 20% 4248 | -8/Storage | Destroyed by Y-45 Defender with Beam Rifle Last Messages --------------- 04211_ Acquired Lgt. Nuclear Core. 04212_ Acquired 10 matter. 04213_ Acquired Assault Rifle. 04216_ Dropped Imp. VTOL Module. 04217_ Acquired Arm. Treads. 04222_ System corrupted: Energy discharge (-30). 04233_ Critical hit (Burn: +37). 04238_ G-47 Trooper knocked back. 04242_ Lgt. Deuterium Engine destroyed. 04244_ Destroyed Flight Unit. 04244_ S-10 Pest system corrupted by crushing effect. 04244_ S-10 Pest knocked back. 04245_ S-10 Pest system terminally corrupted. 04247_ G-47 Trooper suffers critical hit (Smash). 04247_ Destroyed Aluminum Leg. 04247_ G-47 Trooper system corrupted by crushing effect. 04247_ G-47 Trooper destroyed. Map ----- +----------------------------------------------------+ | | | ?????????????????????????????????????????????????? | | ?????????????????????????????????????????????????? | | ?????????????????????????????????????????????????? | | ?????????????????????????????????????????????????? | | ?????????????????????????????????????????????????? | | ?????????????????????????????????????????????????? | | ?????????????????????????????????????????????????? | | ?????????????????????????????????????????????????? | | ?????????????????????????????????????????????????? | | ?????????????????????????????????????????????????? | | ?????????????????????????????????????????????????? | | ?????????????????????????????????????????????????? | | ?????????????????????????????????##??????????????? | | ########????????????????????????? ???????????????? | | #???????????????????????? ???????????????? | | #???????????????????????? #???????????????? | | ##??????????????????????? #???????????????? | | #?????????????????????? +???????????????? | | """" ##?????????????????????? #???????????????? | | """" #??????????????????????? #???????????????? | | """" #???????##???????##+#### #???????????????? | | """" #???????# ######## #???????????????? | | #???????# %#= #???????????????? | | ###/############ """ u/% ! #???????????????? | | # """ =#@ ^ ! ##??????????????? | | # """ # = = #??????????????? | | # # #??????????????? | | ######### # """ # ! #??????????????? | | #??###### # """ %#YY #??????????????? | | #??# # # """ # #"T"#####??????????????? | | #??# # # # #"""#??????????????????? | | #??# # ##+#######o#####????????#?????????? | | #### # ## #######/####?#?????#???????????? | | / " = # # #???#???????????????? | | #######"## # ##??????#???????????? | | = #= #?????#???????#?????? | | =########## [ # !#???????????????????? | | ##+#[#?????## / ! #?##??????###???????? | | #T [##?????#T # #??#???#??#?????????? | | ##="#??????## # #?#???????##???#????? | | ## ##???????# # ##??????????????????? | | #####???????# ############??????????#???????? | | #############+## #?#???##########??#???????#???? | | ## # ####### % #########??????? | | "" ## # % +%! ## ] = =#??????? | | "" ## # #######!%! ##! ==#??????? | | "" ## # #?????#=*/! ## | #??????? | | "" ## / #?#???#%%== "" ## #???#??? | | ## # ##???##=! /""" ####"%"##???#??? | +----------------------------------------------------+ Best States ------------- Heat Dissipation 31 Energy Generation 14 Energy Capacity 250 Matter Stores 300 Matter Capacity 300 Sight Range 16 Robot Scan Range 14 Terrain Scan Range 16 Terrain Scan Density 10 Evasion (%) 63 Targeting Accuracy 13 Recoil Reduction 2 Offensive Hacking 20 Item Schematics ----------------- None Robot Schematics ------------------ None Fabricated ------------ Nothing Alien Tech Used ----------------- None Achievements -------------- Exterminator Challenges ------------ None Game ------ Seed NavigationIonPlating Manual? 0 Play Time 00:34:46 Cumulative 24.8 hours Start 2025.03.21 @ 14:32:59 End 2025.03.21 @ 15:14:18 Sessions 1 Manual Loads 0 Difficulty Rogue Special Mode None Game No. 42 Rogue 42 Adventurer 0 Explorer 0 Win Type - Total 0 Types 0/0/0/0/0/0/0/0/0 Lore% 13 Gallery% 23 Achievement% 22 Wizard Run 0 Options --------- Layout 1 ASCII 0 Keyboard 0 Movement Mouse Keybinds 0 Fullscreen 1 Font 32/SmallcapsGlow Map View 50x40 Zoom Use 0% Tactical HUD 1 Map Filters NONE Filters NONE Steam 1 RUN: fdb85b3d-ee70-426b-b827-2491fd174dc9